 Dungeon Crawl Stone Soup version 0.27-a0-1358-ga0a28fc8c3 (webtiles) character file.

Game seed: 8504506813241542510

72 2tc the Insei (level 4, 0/32 HPs)
             Began as a Demonspawn Transmuter on June 28, 2021.
             Was a Follower of Kikubaaqudgha.
             Slain by a gnoll (1 damage)
             ... on level 2 of the Dungeon.
             The game lasted 00:08:18 (1762 turns).

2tc the Insei (Demonspawn Transmuter)               Turns: 1762, Time: 00:08:19

Health: 0/32       AC:  5    Str: 11    XL:     4   Next: 7%
Magic:  5/7        EV: 12    Int: 14    God:    Kikubaaqudgha [*.....]
Gold:   60         SH:  0    Dex: 14    Spells: 3/7 levels left

rFire    . . .     SeeInvis .     - Unarmed
rCold    . . .     Faith    .   (no shield)
rNeg     . . .     Spirit   .   a - +0 robe
rPois    .         Reflect  .   (no helmet)
rElec    .         Harm     .   (no cloak)
rCorr    +         Rampage  .   (no gloves)
Will     .....                  f - +0 pair of boots
Stlth    +.........             (no amulet)
HPRegen  0.10/turn              e - ring of resist corrosion
MPRegen  0.10/turn              (no ring)

@: brilliant, lethally poisoned (0 -> -10), wereblooded
A: claws 1, molten scales 1, demonic magic 1
a: Renounce Religion, Receive Corpses


You were on level 2 of the Dungeon.
You worshipped Kikubaaqudgha.
Kikubaaqudgha was aware of your devotion.
You visited 1 branch of the dungeon, and saw 2 of its levels.

You collected 60 gold pieces.

Inventory:

Armour
 a - a +0 robe (worn)
 f - a +0 pair of boots (worn)
Jewellery
 e - a ring of resist corrosion (left claw)
Scrolls
 c - a scroll of amnesia
Potions
 b - a potion of curing {unknown}
 d - a potion of invisibility {unknown}
 g - a potion of brilliance


   Skills:
 - Level 1.0 Fighting
 - Level 1.7 Dodging
 - Level 4.0 Unarmed Combat
 - Level 2.0 Spellcasting
 + Level 2.7 Transmutations


You had 3 spell levels left.
You knew the following spells:

 Your Spells              Type           Power      Damage    Failure   Level
a - Beastly Appendage     Tmut           26%        N/A       8%          1
b - Wereblood             Tmut           13%        N/A       12%         2
c - Pain                  Necr           8%         1d4       24%         1

Your spell library contained the following spells:

 Spells                   Type           Power      Damage    Failure   Level
 Corpse Rot               Necr/Air       N/A        N/A       34%         2
 Sublimation of Blood     Necr           1%         N/A       34%         2
 Spider Form              Tmut/Pois      3%         N/A       38%         3
 Confusing Touch          Hex            2%         N/A       56%         3
 Gell's Gravitas          Tloc           1%         N/A       56%         3
 Vampiric Draining        Necr           1%         2d6       56%         3
 Ice Form                 Ice/Tmut       7%         N/A       80%         4
 Petrify                  Tmut/Erth      7%         N/A       80%         4
 Yara's Violent Unravell  Hex/Tmut       3%         3d4       98%         5
 Metabolic Englaciation   Hex/Ice        1%         N/A       100%        5


Dungeon Overview and Level Annotations

Branches:
Dungeon (2/15)

Altars:
Kikubaaqudgha


Innate Abilities, Weirdness & Mutations

You have sharp fingernails.
You are partially covered in molten scales. (AC +2)
Spells you cast may paralyse adjacent enemies.


Message History

Unknown command.
It was a potion of brilliance.
You feel clever all of a sudden. The gnoll barely misses you.
Casting: Beastly Appendage (safe; 9% risk of failure)
Confirm with . or Enter, or press ? or * to list all spells.
You feel a surge of power!
Your blood is infused with primal strength.
Malevolent energies surge around you.
The gnoll suddenly stops moving!
The helpless gnoll fails to defend itself.
You hit the gnoll. You claw the gnoll. You headbutt the gnoll.
You feel a bit better.
You kill the gnoll!
Kikubaaqudgha accepts your kill.
You have reached level 4!
You feel stronger.
Your demonic ancestry asserts itself...
Your fingernails lengthen.
You claw the gnoll! Your kick misses the gnoll.
The gnoll is almost dead.
The gnoll hits you with a +0 flail.
The gnoll hits you from afar with a +1 halberd of venom!
You barely miss the gnoll. You claw the gnoll.
The gnoll is almost dead.
Your horns disappear.
Your talons disappear.
Your +0 pair of boots unmelds from your body.
The gnoll barely misses you.
You barely miss the gnoll.
The gnoll is almost dead.
You howl as the wereblood boils in your veins!
The gnoll hits you from afar with a +1 halberd of venom!
* * * LOW HITPOINT WARNING * * *
You are lethally poisoned!
The gnoll closely misses you.
You barely miss the gnoll.
The gnoll is almost dead.
* * * LOW HITPOINT WARNING * * *
You feel very sick. The gnoll completely misses you.
The gnoll hits you with a +0 flail.
You die...
Kikubaaqudgha rasps: "You have failed me!
Welcome... death!"

#####.........#.†..........
....#...#....>............
##......#......######.....
#.......†......# #####
#...#...........#
#..##...........# ##
#.####......# #. ####.#.#
#.#@# #.#g# #.#g# #..g.
###.#. .....#.# .....#.#
######### .....#.#
#.g..g..g ...<#.#
#.########


You could see 2 gnolls and a hobgoblin.

Vanquished Creatures
  2 gnolls (D:2)
  2 dart slugs
  4 bats
  5 endoplasms
  3 giant cockroaches
  2 goblins (D:1)
  2 hobgoblins (D:1)
  10 jackals
  A quokka (D:1)
  A ball python (D:1)
  A frilled lizard (D:1)
  3 kobolds (D:1)
  8 rats
44 creatures vanquished.

Notes
Turn   | Place    | Note
-------+----------+-------------------------------------------
     0 | D:1      | 2tc the Demonspawn Transmuter began the quest for the Orb.
     0 | D:1      | Reached XP level 1. HP: 15/15 MP: 3/3
   248 | D:1      | Reached skill level 3 in Unarmed Combat
   412 | D:1      | Gained mutation: You are partially covered in molten
                  | scales. (AC +2) [demonic ancestry]
   412 | D:1      | Reached XP level 2. HP: 20/21 MP: 3/5
   434 | D:1      | Learned a level 2 spell: Wereblood
   784 | D:1      | Gained mutation: Spells you cast may paralyse adjacent
                  | enemies. [demonic ancestry]
   784 | D:1      | Reached XP level 3. HP: 24/26 MP: 4/6
  1092 | D:1      | Found a faded altar of an unknown god.
  1099 | D:1      | Became a worshipper of Kikubaaqudgha
  1099 | D:1      | Reached * piety under Kikubaaqudgha
  1099 | D:1      | Received a gift from Kikubaaqudgha
  1247 | D:1      | Reached skill level 4 in Unarmed Combat
  1421 | D:2      | Learned a level 1 spell: Pain
  1759 | D:2      | Gained mutation: You have sharp fingernails. [demonic
                  | ancestry]
  1759 | D:2      | Reached XP level 4. HP: 22/32 MP: 5/7
  1762 | D:2      | HP: 1/32 [poisoned by a gnoll]
  1762 | D:2      | Slain by a gnoll

Illustrated notes

Levels and vault maps discovered:
D:1:      onia_arrival_mini_maze, layout_basic,
          shapermc_ecumenical_altar_starsandcircs
D:2:      layout_basic, roderic_malta_cross

Skill      XL: |  1  2  3 |
---------------+----------+-----
Unarmed Combat | 3 4 |  4.0
Transmutations | 2 |  2.7
Fighting       | |  1.0
Dodging        | |  1.7
Spellcasting   | |  2.0

Action                   |  1- 3 |  4- 6 || total
-------------------------+-------+-------++-------
Melee: Unarmed           |   130 |     4 ||   134
       Headbutt          |    11 |       ||    11
       Kick              |    12 |     1 ||    13
       Punch             |     4 |       ||     4
 Cast: Beastly Appendage |    14 |       ||    14
       Wereblood         |     3 |       ||     3
       Pain              |     1 |       ||     1
  Use: Scroll            |     5 |       ||     5
       Potion            |     1 |       ||     1
 Stab: Sleeping          |     2 |       ||     2
       Paralysed         |     2 |       ||     2
Armor: Robe              |    44 |       ||    44
Dodge: Dodged            |    91 |     3 ||    94

Table legend: (Time is in decaauts)
 A = Elapsed time spent in this place.
 B = Non-inter-level travel time spent in this place.
 C = Inter-level travel time spent in this place.
 D = Time resting spent in this place.
 E = Time spent auto-exploring this place.
 F = Levels seen in this place.
 G = Mean time per level.
                   A        B        C        D        E       F      G
               +--------+--------+--------+--------+--------+-----+--------+
         Total |   1753 |   1709 |     44 |    511 |    883 |   2 |  876.5 |
       Dungeon |   1753 |   1709 |     44 |    511 |    883 |   2 |  876.5 |
               +--------+--------+--------+--------+--------+-----+--------+

Top non-repeatable levels by time:
     D:1: 1417 daAuts
     D:2: 336 daAuts
